3AA
ATHLETIC CLUB KC ACADEMY @ BILLINGS POLAR BEARS
06/16/2041
 
TOP OF THE 1ST
Athletic Club KC Academy batting - Pitching for Billings Polar Bears : LHP Mark Greenwood
Pitching: LHP Mark Greenwood
Batting: RHB Tim Hendricks 0-0: Foul Ball, location: 2F
0-1: Called Strike
0-2: Ball
1-2: Ball
2-2: Foul Ball, location: 2F
2-2: Ball
3-2: Foul Ball, location: 2F
3-2: Base on Balls
Batting: LHB Rafael Padilla 0-0: Swinging Strike
0-1: Ball
1-1: Ball
2-1: Foul Ball, location: 2F
2-2: Ball
3-2: Base on Balls
Tim Hendricks to second
Batting: RHB Dick Barnett 0-0: Ball
1-0: Swinging Strike
1-1: Foul Ball, location: 2F
1-2: Ball
2-2: Strikes out swinging
Batting: RHB Mhelter Gaston 0-0: Called Strike
0-1: Ball
1-1: Called Strike
1-2: Strikes out swinging
Batting: RHB Mike Welch 0-0: Ball
1-0: Ball
2-0: Ball
3-0: Base on Balls
Tim Hendricks to third
Rafael Padilla to second
Batting: RHB Domingo Magana 0-0: Swinging Strike
0-1: Foul Ball, location: 2F
0-2: Foul Ball, location: 2F
0-2: Ball
1-2: Strikes out swinging
Top of the 1st over - 0 runs, 0 hits, 0 errors, 3 left on base; Athletic Club KC Academy 0 - Billings 0
BOTTOM OF THE 1ST
Billings Polar Bears batting - Pitching for Athletic Club KC Academy : LHP Héctor Puga
Pitching: LHP Héctor Puga
Batting: LHB Alvin Montgomery 0-0: Called Strike
0-1: SINGLE (Groundball, 4MD, EV 95.6 MPH)
Batting: LHB Armando Ventura 0-0: Ball
1-0: SINGLE (Groundball, 34D, EV 105.0 MPH)
Alvin Montgomery to second
Runner from 2nd tries for 3rd, SAFE, no throw by RF
Batting: RHB Jackson Cluff 0-0: Called Strike
0-1: Ball
1-1: Foul Ball, location: 2F
1-2: Fielders Choice at 2nd, 3-6 (Groundball, 34, EV 92.5 MPH)
Alvin Montgomery scores
Batting: RHB Jesse Winters 0-0: Called Strike
0-1: Called Strike
0-2: Foul Ball, location: 2F
0-2: Foul Ball, location: 2F
0-2: Foul Ball, location: 2F
0-2: Ball
1-2: Foul Ball, location: 2F
1-2: Strikes out swinging
Batting: LHB Carlos Rosário 0-0: Ball
1-0: Fly out, F8 (Flyball, 8RS, EV 75.6 MPH)
Bottom of the 1st over - 1 run, 2 hits, 0 errors, 1 left on base; Athletic Club KC Academy 0 - Billings 1
TOP OF THE 2ND
Athletic Club KC Academy batting - Pitching for Billings Polar Bears : LHP Mark Greenwood
Batting: SHB Noel Lancaster 0-0: Fly out, F8 (Flyball, 78S, EV 88.8 MPH)
Batting: RHB Guillermo Alessandrini 0-0: Called Strike
0-1: Swinging Strike
0-2: Ball
1-2: SINGLE (Groundball, 6D, EV 95.0 MPH)
Batting: LHB Octávio Castaneda 0-0: Ball
1-0: Ball
2-0: Foul Ball, location: 2F
2-1: Called Strike
2-2: Foul Ball, location: 2F
2-2: Fly out, F4 (Flyball, 3D, EV 74.4 MPH)
Batting: RHB Tim Hendricks 0-0: Fly out, F7 (Line Drive, 7, EV 91.2 MPH)
Top of the 2nd over - 0 runs, 1 hit, 0 errors, 1 left on base; Athletic Club KC Academy 0 - Billings 1
BOTTOM OF THE 2ND
Billings Polar Bears batting - Pitching for Athletic Club KC Academy : LHP Héctor Puga
Batting: RHB Bert Allison 0-0: Foul Ball, location: 2F
0-1: Ball
1-1: Swinging Strike
1-2: Ball
2-2: Foul Ball, location: 2F
2-2: Foul Ball, location: 2F
2-2: Strikes out swinging
Batting: RHB George Johnston 0-0: Called Strike
0-1: Ball
1-1: Ball
2-1: SINGLE (Line Drive, 4MD, EV 98.8 MPH)
Batting: RHB Steve Roberson 0-0: Ball
1-0: Called Strike
1-1: Fly out, F9 (Flyball, 9S, EV 88.8 MPH)
Batting: RHB Harold Dansey 0-0: Ball
1-0: Fielders Choice at 2nd, 6-4 (Groundball, 6D, EV 104.4 MPH)
Bottom of the 2nd over - 0 runs, 1 hit, 0 errors, 1 left on base; Athletic Club KC Academy 0 - Billings 1
TOP OF THE 3RD
Athletic Club KC Academy batting - Pitching for Billings Polar Bears : LHP Mark Greenwood
Batting: LHB Rafael Padilla 0-0: Called Strike
0-1: Swinging Strike
0-2: Strikes out looking
Batting: RHB Dick Barnett 0-0: Ball
1-0: Ball
2-0: SINGLE (Flyball, 9S, EV 90.0 MPH)
Batting: RHB Mhelter Gaston 0-0: Ball
1-0: Ball
Wild Pitch!
Dick Barnett to second
2-0: Called Strike
2-1: Swinging Strike
2-2: Strikes out swinging
Batting: RHB Mike Welch 0-0: Ball
1-0: Swinging Strike
1-1: Ball
2-1: Foul Ball, location: 2F
2-2: Ball
3-2: Strikes out swinging
Top of the 3rd over - 0 runs, 1 hit, 0 errors, 1 left on base; Athletic Club KC Academy 0 - Billings 1
BOTTOM OF THE 3RD
Billings Polar Bears batting - Pitching for Athletic Club KC Academy : LHP Héctor Puga
Batting: LHB Alvin Montgomery 0-0: Ball
1-0: Foul Ball, location: 2F
1-1: Ball
2-1: Ball
3-1: Foul Ball, location: 2F
3-2: Ground out 5-3 (Groundball, 5L, EV 83.8 MPH)
Batting: LHB Armando Ventura 0-0: Ball
1-0: SINGLE (Line Drive, 7S, EV 108.1 MPH)
Batting: RHB Jackson Cluff 0-0: Ball
Wild Pitch!
Armando Ventura to second
1-0: Ground out 5-3 (Groundball, 56S, EV 85.6 MPH)
Batting: RHB Jesse Winters 0-0: Ball
1-0: Swinging Strike
1-1: Ball
2-1: Ball
3-1: Base on Balls
Batting: LHB Carlos Rosário 0-0: Ball
1-0: Called Strike
1-1: Called Strike
1-2: Ball
2-2: Foul Ball, location: 2F
2-2: Foul Ball, location: 2F
2-2: Ground out 4-3 (Groundball, 4, EV 100.6 MPH)
Bottom of the 3rd over - 0 runs, 1 hit, 0 errors, 2 left on base; Athletic Club KC Academy 0 - Billings 1
TOP OF THE 4TH
Athletic Club KC Academy batting - Pitching for Billings Polar Bears : LHP Mark Greenwood
Batting: RHB Domingo Magana 0-0: SINGLE (Line Drive, 78S, EV 108.8 MPH)
Batting: SHB Noel Lancaster 0-0: Ball
1-0: Ball
2-0: Called Strike
2-1: SINGLE (Groundball, 34D, EV 99.4 MPH)
Domingo Magana to second
Runner from 2nd tries for 3rd, SAFE, throw by RF made to third
Batting: RHB Guillermo Alessandrini 0-0: Ball
Noel Lancaster is caught stealing 2nd base 2-4
1-0: Ground out 5-3 (Groundball, 56, EV 85.6 MPH)
Domingo Magana scores
Batting: LHB Octávio Castaneda 0-0: Ball
1-0: Ground out U3 (Groundball, 34, EV 87.5 MPH)
Top of the 4th over - 1 run, 2 hits, 0 errors, 0 left on base; Athletic Club KC Academy 1 - Billings 1
BOTTOM OF THE 4TH
Billings Polar Bears batting - Pitching for Athletic Club KC Academy : LHP Héctor Puga
Batting: RHB Bert Allison 0-0: Ball
1-0: Called Strike
1-1: Swinging Strike
1-2: Strikes out swinging
Batting: RHB George Johnston 0-0: Called Strike
0-1: Ball
1-1: Called Strike
1-2: Strikes out looking
Batting: RHB Steve Roberson 0-0: Ball
1-0: Ball
2-0: DOUBLE (Line Drive, 89D, EV 106.2 MPH)
Batting: RHB Harold Dansey 0-0: Foul Ball, location: 2F
0-1: Ground out 6-3 (Groundball, 56, EV 105.0 MPH)
Bottom of the 4th over - 0 runs, 1 hit, 0 errors, 1 left on base; Athletic Club KC Academy 1 - Billings 1
TOP OF THE 5TH
Athletic Club KC Academy batting - Pitching for Billings Polar Bears : LHP Mark Greenwood
Batting: RHB Tim Hendricks 0-0: Ball
1-0: Ball
2-0: Ball
3-0: Called Strike
3-1: Base on Balls
Batting: LHB Rafael Padilla 0-0: Called Strike
0-1: Ball
1-1: Swinging Strike
1-2: Ball
2-2: Strikes out swinging
Pitching: LHP Diego Encarnación
Batting: RHB Dick Barnett 0-0: Grounds into double play, 5-4-3 (Groundball, 56S, EV 81.2 MPH)
Top of the 5th over - 0 runs, 0 hits, 0 errors, 0 left on base; Athletic Club KC Academy 1 - Billings 1
BOTTOM OF THE 5TH
Billings Polar Bears batting - Pitching for Athletic Club KC Academy : LHP Héctor Puga
Batting: LHB Alvin Montgomery 0-0: Ground out U3 (Groundball, 34D, EV 98.8 MPH)
Batting: LHB Armando Ventura 0-0: Ball
1-0: Called Strike
1-1: Foul Ball, location: 2F
1-2: Ball
2-2: Fly out, F8 (Flyball, 8LM, EV 89.4 MPH)
Batting: RHB Jackson Cluff 0-0: SOLO HOME RUN (Flyball, 7D, EV 107.5 MPH), Distance : 369 ft
Batting: RHB Jesse Winters 0-0: Ball
1-0: Ball
2-0: Ball
3-0: Called Strike
3-1: Swinging Strike
3-2: Ground out 5-3 (Groundball, 56S, EV 68.8 MPH)
Bottom of the 5th over - 1 run, 1 hit, 0 errors, 0 left on base; Athletic Club KC Academy 1 - Billings 2
TOP OF THE 6TH
Athletic Club KC Academy batting - Pitching for Billings Polar Bears : LHP Diego Encarnación
Batting: RHB Mhelter Gaston 0-0: Ball
1-0: Called Strike
1-1: Called Strike
1-2: Ball
2-2: Ball
3-2: Foul Ball, location: 2F
3-2: Strikes out swinging
Batting: RHB Mike Welch 0-0: SINGLE (Groundball, 6M, EV 105.6 MPH)
Batting: RHB Domingo Magana 0-0: Called Strike
0-1: DOUBLE (Line Drive, 9LS, EV 95.6 MPH)
Mike Welch to third
Batting: SHB Noel Lancaster 0-0: SINGLE (Line Drive, 6, EV 68.1 MPH) (infield hit)
Mike Welch scores
Domingo Magana to third
Batting: RHB Guillermo Alessandrini 0-0: Ball
1-0: Called Strike
1-1: Foul Ball, location: 2F
1-2: Fly out, F9 (Flyball, 89M, EV 86.2 MPH)
Batting: LHB Octávio Castaneda 0-0: Ground out 4-3 (Groundball, 4, EV 83.8 MPH)
Top of the 6th over - 1 run, 3 hits, 0 errors, 2 left on base; Athletic Club KC Academy 2 - Billings 2
BOTTOM OF THE 6TH
Billings Polar Bears batting - Pitching for Athletic Club KC Academy : LHP Héctor Puga
Batting: LHB Carlos Rosário 0-0: Called Strike
0-1: Ball
1-1: Called Strike
1-2: Strikes out swinging
Batting: RHB Bert Allison 0-0: Ball
1-0: Ball
2-0: Called Strike
2-1: Ball
3-1: Base on Balls
Batting: RHB George Johnston 0-0: Ball
1-0: SINGLE (Line Drive, 4D, EV 103.8 MPH)
Bert Allison to second
Batting: RHB Steve Roberson 0-0: Ball
1-0: Grounds into double play, 6-4-3 (Groundball, 6M, EV 96.9 MPH)
Bottom of the 6th over - 0 runs, 1 hit, 0 errors, 1 left on base; Athletic Club KC Academy 2 - Billings 2
TOP OF THE 7TH
Athletic Club KC Academy batting - Pitching for Billings Polar Bears : LHP Diego Encarnación
Batting: RHB Tim Hendricks 0-0: Ball
1-0: Called Strike
1-1: Ball
2-1: Foul Ball, location: 2F
2-2: Foul Ball, location: 2F
2-2: Foul Ball, location: 2F
2-2: Ball
3-2: SINGLE (Groundball, 5D, EV 100.0 MPH)
Batting: LHB Rafael Padilla 0-0: Grounds into double play, 4-6-3 (Groundball, 4M, EV 105.0 MPH)
Batting: RHB Dick Barnett 0-0: Called Strike
0-1: Ball
1-1: SINGLE (Line Drive, 9S, EV 85.6 MPH)
Batting: RHB Mhelter Gaston 0-0: Fly out, F5 (Popup, 25, EV 76.9 MPH)
Top of the 7th over - 0 runs, 2 hits, 0 errors, 1 left on base; Athletic Club KC Academy 2 - Billings 2
BOTTOM OF THE 7TH
Billings Polar Bears batting - Pitching for Athletic Club KC Academy : LHP Héctor Puga
Pitching: RHP Taine Poutini
Batting: RHB Harold Dansey 0-0: Ball
1-0: Swinging Strike
1-1: Ball
2-1: Called Strike
2-2: Ball
3-2: Base on Balls
Batting: LHB Alvin Montgomery Pickoff Throw to First - Error! E1
Harold Dansey to second
0-0: Ball
1-0: Called Strike
1-1: Ball
2-1: Foul Ball, location: 2F
2-2: Foul Ball, location: 2F
2-2: Ball
3-2: Foul Ball, location: 2F
3-2: Base on Balls
Batting: LHB Armando Ventura 0-0: Sac Bunt to P - play at first, batter OUT! 1-4
Harold Dansey to third
Alvin Montgomery to second
Batting: RHB Jackson Cluff 0-0: SINGLE (Groundball, 6, EV 81.9 MPH) (infield hit)
Harold Dansey scores
Alvin Montgomery to third
Batting: RHB Jesse Winters 0-0: Ball
1-0: Ball
2-0: Called Strike
2-1: Ball
3-1: Reached on error, E5 (Groundball, 5S, EV 73.8 MPH)
Alvin Montgomery scores
Jackson Cluff to second
Pitching: LHP Larry Brown
Batting: LHB Carlos Rosário 0-0: Ball
1-0: Foul Ball, location: 2F
1-1: Foul Ball, location: 2F
1-2: Foul Ball, location: 2F
1-2: Ball
2-2: Ball
3-2: Foul Ball, location: 2F
3-2: Foul Ball, location: 2F
3-2: Base on Balls
Jackson Cluff to third
Jesse Winters to second
Batting: RHB Bert Allison 0-0: Ball
1-0: Fly out, F7 (Flyball, 78S, EV 84.4 MPH)
Runner from 3rd tags up, SCORES, throw by LF
Jesse Winters to third
Batting: RHB George Johnston 0-0: Called Strike
0-1: Ball
1-1: Ball
2-1: Foul Ball, location: 2F
2-2: Foul Ball, location: 2F
2-2: Foul Ball, location: 2F
2-2: Strikes out swinging
Bottom of the 7th over - 3 runs, 1 hit, 2 errors, 2 left on base; Athletic Club KC Academy 2 - Billings 5
TOP OF THE 8TH
Athletic Club KC Academy batting - Pitching for Billings Polar Bears : LHP Diego Encarnación
Batting: RHB Mike Welch 0-0: Called Strike
0-1: Ball
1-1: Fly out, F7 (Flyball, 78S, EV 90.6 MPH)
Batting: RHB Domingo Magana 0-0: Ball
1-0: Ball
2-0: Called Strike
2-1: Ball
3-1: Swinging Strike
3-2: Strikes out looking
Batting: SHB Noel Lancaster 0-0: Foul Ball, location: 2F
0-1: Ball
1-1: Foul Ball, location: 2F
1-2: Ball
2-2: Ball
3-2: Base on Balls
Batting: RHB Guillermo Alessandrini 0-0: Ball
1-0: Called Strike
1-1: Fly out, F8 (Flyball, 8RM, EV 78.8 MPH)
Top of the 8th over - 0 runs, 0 hits, 0 errors, 1 left on base; Athletic Club KC Academy 2 - Billings 5
BOTTOM OF THE 8TH
Billings Polar Bears batting - Pitching for Athletic Club KC Academy : LHP Larry Brown
Pitching: LHP Carlos Ortega
Batting: RHB Steve Roberson 0-0: Ball
1-0: Called Strike
1-1: Foul Ball, location: 2F
1-2: Ball
2-2: Foul Ball, location: 2F
2-2: Foul Ball, location: 2F
2-2: Ground out 6-3 (Groundball, 6, EV 80.0 MPH)
Batting: RHB Harold Dansey 0-0: Ball
1-0: Ball
2-0: Foul Ball, location: 2F
2-1: Ground out 5-3 (Groundball, 56, EV 83.8 MPH)
Batting: LHB Alvin Montgomery 0-0: Ball
1-0: Swinging Strike
1-1: Ball
2-1: Foul Ball, location: 2F
2-2: Foul Ball, location: 2F
2-2: Ball
3-2: SINGLE (Line Drive, 4D, EV 98.8 MPH)
Batting: LHB Armando Ventura 0-0: Ball
1-0: Fly out, F8 (Flyball, 78D, EV 94.4 MPH)
Bottom of the 8th over - 0 runs, 1 hit, 0 errors, 1 left on base; Athletic Club KC Academy 2 - Billings 5
TOP OF THE 9TH
Athletic Club KC Academy batting - Pitching for Billings Polar Bears : LHP Diego Encarnación
Pitching: LHP Arturo Cuellar
Batting: LHB Octávio Castaneda 0-0: Called Strike
0-1: Swinging Strike
0-2: Foul Ball, location: 2F
0-2: Ball
1-2: Strikes out swinging
Batting: RHB Tim Hendricks 0-0: Called Strike
0-1: Ball
1-1: Called Strike
1-2: Ball
2-2: Ball
3-2: Base on Balls
Batting: LHB Rafael Padilla 0-0: Ball
1-0: Ball
2-0: Ball
3-0: Called Strike
3-1: Base on Balls
Tim Hendricks to second
Batting: RHB Dick Barnett 0-0: Ball
1-0: SINGLE (Line Drive, 8LS, EV 95.0 MPH)
Tim Hendricks to third
Rafael Padilla to second
Batting: RHB Mhelter Gaston 0-0: Foul Ball, location: 2F
0-1: Ball
1-1: Called Strike
1-2: Foul Ball, location: 2F
1-2: Ball
2-2: Reached on error, E4 (Groundball, 4S, EV 60.6 MPH)
Tim Hendricks scores
Rafael Padilla scores
Dick Barnett to third
Batting: RHB Mike Welch 0-0: SINGLE (Groundball, 56D, EV 103.1 MPH)
Dick Barnett scores
Mhelter Gaston to third
Batting: RHB Domingo Magana 0-0: Called Strike
0-1: Ball
1-1: Ball
2-1: Ball
3-1: Foul Ball, location: 2F
3-2: Fly out, F8 (Line Drive, 8LD, EV 90.6 MPH)
Runner from 3rd tags up, SCORES, throw by CF
Pitching: RHP Dan Webster
Batting: SHB Noel Lancaster 0-0: Ground out 4-3 (Groundball, 34, EV 80.0 MPH)
Top of the 9th over - 4 runs, 2 hits, 1 error, 1 left on base; Athletic Club KC Academy 6 - Billings 5
BOTTOM OF THE 9TH
Billings Polar Bears batting - Pitching for Athletic Club KC Academy : LHP Carlos Ortega
Batting: RHB Jackson Cluff 0-0: Foul Ball, location: 2F
0-1: Ball
1-1: Ball
2-1: Foul Ball, location: 2F
2-2: DOUBLE (Flyball, 8LXD, EV 98.1 MPH)
Batting: RHB Jesse Winters 0-0: Called Strike
0-1: Called Strike
0-2: Foul Ball, location: 2F
0-2: Foul Ball, location: 2F
0-2: SINGLE (Groundball, 6MD, EV 100.0 MPH)
Jackson Cluff to third
Runner from 3rd tries for Home, SAFE, throw by CF to home
Batting: LHB Carlos Rosário 0-0: Ball
1-0: Ground out 4-3 (Groundball, 34, EV 100.6 MPH)
Jesse Winters to second
Batting: RHB Bert Allison 0-0: Ball
1-0: Ball
2-0: Ground out 5-3 (Groundball, 5S, EV 85.6 MPH)
Batting: RHB George Johnston 0-0: Called Strike
0-1: Swinging Strike
0-2: Strikes out swinging
Bottom of the 9th over - 1 run, 2 hits, 0 errors, 1 left on base; Athletic Club KC Academy 6 - Billings 6
TOP OF THE 10TH
Athletic Club KC Academy batting - Pitching for Billings Polar Bears : RHP Dan Webster
Batting: RHB Guillermo Alessandrini 0-0: Ball
1-0: Called Strike
1-1: DOUBLE (Line Drive, 89D, EV 105.6 MPH)
Batting: LHB Octávio Castaneda 0-0: Ball
1-0: Ball
2-0: Ball
3-0: Base on Balls
Batting: RHB Tim Hendricks 0-0: Bunted foul
0-1: Ball
1-1: Sac Bunt to 3S - play at first, batter OUT! 3-4
Guillermo Alessandrini to third
Octávio Castaneda to second
Batting: LHB Rafael Padilla 0-0: Intentional Walk
Pinch Hitting: LHB Bruce Simpson 0-0: Called Strike
0-1: Called Strike
0-2: Strikes out swinging
Batting: RHB Mhelter Gaston 0-0: Ball
1-0: Foul Ball, location: 2F
1-1: Ball
2-1: Swinging Strike
2-2: Strikes out swinging
Top of the 10th over - 0 runs, 1 hit, 0 errors, 3 left on base; Athletic Club KC Academy 6 - Billings 6
BOTTOM OF THE 10TH
Billings Polar Bears batting - Pitching for Athletic Club KC Academy : LHP Carlos Ortega
Pitching: RHP Rick Knapp
Now at 1B: Milos Milic
Pinch Hitting: LHB Augusto Reyes 0-0: Foul Ball, location: 2F
0-1: Foul Ball, location: 2F
0-2: Ball
1-2: Foul Ball, location: 2F
1-2: SINGLE (Groundball, 4MD, EV 103.8 MPH)
Batting: RHB Harold Dansey 0-0: Ball
1-0: Ball
2-0: Called Strike
2-1: Foul Ball, location: 2F
2-2: Strikes out swinging
Batting: LHB Alvin Montgomery 0-0: Ball
1-0: Fly out, F6 (Popup, P, EV 87.5 MPH)
Batting: LHB Armando Ventura 0-0: Called Strike
0-1: Called Strike
Augusto Reyes is caught stealing 2nd base 2-6
Bottom of the 10th over - 0 runs, 1 hit, 0 errors, 0 left on base; Athletic Club KC Academy 6 - Billings 6
TOP OF THE 11TH
Athletic Club KC Academy batting - Pitching for Billings Polar Bears : RHP Dan Webster
Now at C: Makalani Kaiya
Batting: RHB Mike Welch 0-0: Called Strike
0-1: Ball
1-1: Foul Ball, location: 2F
1-2: Ball
2-2: Ball
3-2: Base on Balls
Batting: RHB Domingo Magana 0-0: Ball
1-0: Fly out, F8 (Line Drive, 8RD, EV 103.1 MPH)
Batting: SHB Noel Lancaster 0-0: Ball
1-0: Called Strike
1-1: Ball
2-1: Foul Ball, location: 2F
2-2: Strikes out swinging
Batting: RHB Guillermo Alessandrini 0-0: Fielders Choice at 2nd, 5-4 (Groundball, 56, EV 80.0 MPH)
Top of the 11th over - 0 runs, 0 hits, 0 errors, 1 left on base; Athletic Club KC Academy 6 - Billings 6
BOTTOM OF THE 11TH
Billings Polar Bears batting - Pitching for Athletic Club KC Academy : RHP Rick Knapp
Batting: LHB Armando Ventura 0-0: SINGLE (Groundball, 34D, EV 94.4 MPH)
Batting: RHB Jackson Cluff 0-0: Ball
1-0: Ball
2-0: Fly out, F8 (Line Drive, 8LD, EV 96.2 MPH)
Runner from 1st tags up, SAFE at 2nd
Batting: RHB Jesse Winters 0-0: Ball
1-0: Foul Ball, location: 2F
1-1: Fly out, F9 (Line Drive, 9, EV 96.9 MPH)
Batting: LHB Carlos Rosário 0-0: Intentional Walk
Batting: RHB Bert Allison 0-0: Ground out 5-3 (Groundball, 56S, EV 82.5 MPH)
Bottom of the 11th over - 0 runs, 1 hit, 0 errors, 2 left on base; Athletic Club KC Academy 6 - Billings 6
TOP OF THE 12TH
Athletic Club KC Academy batting - Pitching for Billings Polar Bears : RHP Dan Webster
Batting: LHB Octávio Castaneda 0-0: Called Strike
0-1: Foul Ball, location: 2F
0-2: Ball
1-2: Strikes out swinging
Batting: RHB Tim Hendricks 0-0: Ball
1-0: SINGLE (Line Drive, 7S, EV 105.6 MPH)
Pitching: RHP Eliseo Fontirroig
Batting: LHB Rafael Padilla 0-0: Called Strike
0-1: Swinging Strike
0-2: Strikes out swinging
Batting: RHB Milos Milic 0-0: Called Strike
0-1: Foul Ball, location: 2F
0-2: Fielders Choice at 2nd, 5-4 (Groundball, 56, EV 78.8 MPH)
Top of the 12th over - 0 runs, 1 hit, 0 errors, 1 left on base; Athletic Club KC Academy 6 - Billings 6
BOTTOM OF THE 12TH
Billings Polar Bears batting - Pitching for Athletic Club KC Academy : RHP Rick Knapp
Pitching: LHP Dave Williams
Batting: RHB George Johnston 0-0: Ball
1-0: Swinging Strike
1-1: Swinging Strike
1-2: Ball
2-2: Ball
3-2: Strikes out swinging
Batting: RHB Makalani Kaiya 0-0: Called Strike
0-1: Ball
1-1: Ball
2-1: Foul Ball, location: 2F
2-2: Strikes out swinging
Batting: RHB Harold Dansey 0-0: Called Strike
0-1: Ball
1-1: Foul Ball, location: 2F
1-2: Ball
2-2: Foul Ball, location: 2F
2-2: Foul Ball, location: 2F
2-2: Strikes out looking
Bottom of the 12th over - 0 runs, 0 hits, 0 errors, 0 left on base; Athletic Club KC Academy 6 - Billings 6
TOP OF THE 13TH
Athletic Club KC Academy batting - Pitching for Billings Polar Bears : RHP Eliseo Fontirroig
Batting: RHB Mhelter Gaston 0-0: Swinging Strike
0-1: Ground out 6-3 (Groundball, 6, EV 101.2 MPH)
Batting: RHB Mike Welch 0-0: Swinging Strike
0-1: Ball
1-1: Foul Ball, location: 2F
1-2: Fly out, F6 (Popup, 15S, EV 87.5 MPH)
Batting: RHB Domingo Magana 0-0: Called Strike
0-1: Ball
1-1: Ball
2-1: Ball
3-1: Foul Ball, location: 2F
3-2: Base on Balls
Batting: SHB Noel Lancaster 0-0: Ball
1-0: Ball
2-0: Called Strike
2-1: Foul Ball, location: 2F
2-2: Ball
3-2: Foul Ball, location: 2F
3-2: Foul Ball, location: 2F
3-2: Base on Balls
Domingo Magana to second
Batting: RHB Guillermo Alessandrini 0-0: Swinging Strike
0-1: Ball
1-1: Ball
2-1: Fly out, F9 (Flyball, 9, EV 90.0 MPH)
Top of the 13th over - 0 runs, 0 hits, 0 errors, 2 left on base; Athletic Club KC Academy 6 - Billings 6
BOTTOM OF THE 13TH
Billings Polar Bears batting - Pitching for Athletic Club KC Academy : LHP Dave Williams
Pitching: RHP Grant Gremel
Batting: LHB Alvin Montgomery 0-0: Called Strike
0-1: Fly out, F7 (Flyball, 78D, EV 101.9 MPH)
Batting: LHB Armando Ventura 0-0: Swinging Strike
0-1: Foul Ball, location: 2F
0-2: Ball
1-2: Strikes out swinging
Batting: RHB Jackson Cluff 0-0: Ball
1-0: Fly out, F1 (Line Drive, P, EV 74.4 MPH)
Bottom of the 13th over - 0 runs, 0 hits, 0 errors, 0 left on base; Athletic Club KC Academy 6 - Billings 6
TOP OF THE 14TH
Athletic Club KC Academy batting - Pitching for Billings Polar Bears : RHP Eliseo Fontirroig
Batting: LHB Octávio Castaneda 0-0: Called Strike
0-1: Called Strike
0-2: Ball
1-2: Ball
2-2: Foul Ball, location: 2F
2-2: Foul Ball, location: 2F
2-2: DOUBLE (Flyball, 8RXD, EV 95.0 MPH)
Batting: RHB Tim Hendricks 0-0: Foul Ball, location: 2F
0-1: Fly out, F9 (Flyball, 9, EV 95.0 MPH)
Batting: LHB Rafael Padilla 0-0: Intentional Walk
Batting: RHB Milos Milic 0-0: Called Strike
0-1: Foul Ball, location: 2F
0-2: Ball
1-2: Foul Ball, location: 2F
1-2: Ground out 5-3 (Groundball, 56S, EV 73.1 MPH)
Octávio Castaneda to third
Rafael Padilla to second
Batting: RHB Mhelter Gaston 0-0: Intentional Walk
Batting: RHB Mike Welch 0-0: Called Strike
0-1: Ball
1-1: Swinging Strike
1-2: Foul Ball, location: 2F
1-2: Fly out, F7 (Flyball, 7S, EV 88.8 MPH)
Top of the 14th over - 0 runs, 1 hit, 0 errors, 3 left on base; Athletic Club KC Academy 6 - Billings 6
BOTTOM OF THE 14TH
Billings Polar Bears batting - Pitching for Athletic Club KC Academy : RHP Grant Gremel
Batting: RHB Jesse Winters 0-0: Ball
1-0: Foul Ball, location: 2F
1-1: Foul Ball, location: 2F
1-2: Ball
2-2: Ball
3-2: Fly out, F9 (Flyball, 9LSF, EV 79.4 MPH)
Batting: LHB Carlos Rosário 0-0: Called Strike
0-1: Ground out 4-3 (Groundball, 4, EV 93.8 MPH)
Batting: RHB Bert Allison 0-0: Reached on error, E2 (Groundball, 2L, EV 70.0 MPH)
Batting: RHB George Johnston 0-0: SINGLE (Groundball, 56D, EV 98.8 MPH)
Bert Allison to second
Batting: RHB Makalani Kaiya 0-0: Ball
1-0: SINGLE (Line Drive, 8RS, EV 110.0 MPH)
Bert Allison to third
George Johnston to second
Runner from 3rd tries for Home, SAFE, throw by CF to home
Tuesday, January 5th, 2021 - OOTP Baseball 20.8 Build 74